AoeStats
← serrurerie

Hideout

508080050Analyzed
1v1 RM · 11d ago on Sep 20, 2026· 43m 1s· 2 players
Game mode
Random Map
Map size
Tiny (2 player)
Population
200
Speed
Normal
Resources
Standard
Victory
Conquest
Starting age
Dark Age
Ending age
Imperial Age
RankedLock teamsTeams togetherTeam positionsShared explorationLock speedFull tech treeHidden civsTurbo modeCheats
Victory
Defeat
🇨🇭 Bulgarians · Switzerland
1346
+13
🇲🇽 Cumans · Mexico
1286
-13
ArtTroy2751
6:04 Loom
8:50 Feudal Age
9:31 Double-Bit Axe
13:41 Horse Collar
18:50 Fletching
21:05 Wheelbarrow
24:12 Castle Age
22:12 Gold Mining
22:59 Bloodlines
23:37 Forging
25:16 Thumb Ring
24:31 Crossbowman
25:12 Bodkin Arrow
33:09 Imperial Age
32:20 Iron Casting
32:41 Scale Barding Armor
37:48 Blast Furnace
38:29 Scale Barding Armor
serrurerie
5:38 Loom
9:07 Feudal Age
10:24 Double-Bit Axe
15:33 Castle Age
14:13 Horse Collar
15:56 Scale Barding Armor
19:38 Loom
19:39 Town Watch
21:56 Bloodlines
23:25 Husbandry
23:47 Chain Barding Armor
26:02 Fletching
26:25 Forging
30:20 Iron Casting
29:49 Heavy Plow
30:03 Bow Saw
35:23 Imperial Age
36:08 Wheelbarrow
35:33 Town Patrol
35:27 Cavalier
37:00 Plate Barding Armor
38:01 Blast Furnace
37:49 Stirrups
38:44 Conscription
38:15 Pikeman
39:00 Scale Mail Armor
Connection lost

Rejoining the realm…

Still unreachable

The connection could not be restored.

Session expired

The server has moved on; the page needs a fresh start.